 Dungeon Crawl Stone Soup version 0.29-a0-409-gd843f3a48c (webtiles) character file.

Game seed: 16640142423373559349

126 xian the Magician (level 4, -9/30 HPs)
             Began as a Mummy Earth Elementalist on May 14, 2022.
             Was an Initiate of Vehumet.
             Mangled by Edmund
             ... wielding a +3 flail of protection
              (16 damage)
             ... on level 4 of the Dungeon on May 15, 2022.
             The game lasted 00:36:11 (2096 turns).

xian the Magician (Mummy Earth Elementalist)        Turns: 2096, Time: 00:36:11

Health: -9/30      AC:  0    Str: 11    XL:     4   Next: 84%
Magic:  10/10      EV:  5    Int: 16    God:    Vehumet [......]
Gold:   170        SH: 26    Dex: 18    Spells: 10/11 levels left

rFire   x . .      SeeInvis .   c - +0 short sword
rCold   + . .      Faith    .   l - +18 shield of the Gong {rElec rN+ Will+ EV-5}
rNeg    + + +      Spirit   .   (no body armour)
rPois   ∞          Reflect  .   (no helmet)
rElec   +          Harm     .   (no cloak)
rCorr   .          Rampage  .   (no gloves)
Will    +....                   (no boots)
Stlth   ++........              (no amulet)
HPRegen 0.10/turn               k - +6 ring of dexterity
MPRegen 0.12/turn               q - ring of flight

@: flying
A: cold resistance 1, negative energy resistance 3, torment resistance 2, heat
vulnerability 1, in touch with death 1, no potions
a: Renounce Religion


You were on level 4 of the Dungeon.
You worshipped Vehumet.
Vehumet was noncommittal.
You visited 1 branch of the dungeon, and saw 4 of its levels.

You collected 170 gold pieces.

Inventory:

Hand Weapons
 c - a +0 short sword (weapon)
Armour
 b - a +1 robe
 l - the +18 shield of the Gong (worn) {rElec rN+ Will+ EV-5}
   (You found it on level 2 of the Dungeon)

   It is deafeningly noisy when blocking attacks.
   EV:        It affects your evasion (-5).
   rElec:     It insulates you from electricity.
   rN:        It protects you from negative energy.
   Will:      It increases your willpower.
 r - a +3 scale mail
Jewellery
 k - a +6 ring of dexterity (left hand)
 q - a ring of flight (right hand)
Wands
 o - a wand of flame (20)
Scrolls
 d - a scroll of vulnerability {unknown}
 e - a scroll of enchant armour
 g - 2 scrolls of teleportation
 h - 2 scrolls of identify
 i - a scroll of blinking {unknown}
 j - a scroll of enchant weapon {unknown}
Potions
 f - 2 potions of invisibility
 n - a potion of lignification {unknown}
 p - a potion of attraction {unknown}


   Skills:
 + Level 0.3 Fighting
 + Level 0.7 Short Blades
 + Level 2.0 Dodging
 + Level 1.8 Stealth
 + Level 0.3 Shields
 + Level 4.4 Spellcasting
 + Level 1.0 Transmutations
 + Level 3.1 Earth Magic


You had 10 spell levels left.
You knew the following spells:

 Your Spells              Type           Power      Damage    Failure   Level
a - Sandblast             Erth           26%        2d8       16%         1

Your spell library contained the following spells:

 Spells                   Type           Power      Damage    Failure   Level
 Passwall                 Tmut/Erth      8%         N/A       36%         2
 Magic Dart               Conj           12%        1d3       50%         1
 Call Imp                 Summ           3%         N/A       65%         2
 Stone Arrow              Conj/Erth      16%        3d8       65%         3
 Mephitic Cloud           Conj/Pois/Air  3%         N/A       86%         3
 Petrify                  Tmut/Erth      10%        N/A       94%         4
 Leda's Liquefaction      Hex/Erth       4%         N/A       96%         4
 Cause Fear               Hex            1%         N/A       99%         4
 Yara's Violent Unravell  Hex/Tmut       2%         3d3       100%        5


Dungeon Overview and Level Annotations

Branches:
Dungeon (3/15)

Altars:
Gozag
Kikubaaqudgha
Vehumet

Annotations:
D:4 Edmund


Innate Abilities, Weirdness & Mutations

You are immune to poison.
Your flesh is cold resistant. (rC+)
You are immune to negative energy. (rN+++)
You are immune to unholy pain and torment.
You are vulnerable to heat. (rF-)
You are in touch with the powers of death.
You do not drink.


Message History

BONNNG!
You block Edmund's attack.
PTOANNNG!
You hear an angry hiss.
You hear a shout!
You hit the hobgoblin.
The hobgoblin is heavily wounded.
The hobgoblin hits you. You block Edmund's attack.
BOUMMMMG!
You block Edmund's attack.
PANG!
You block the hobgoblin's attack.
GONNNNG!
You hear a shout! x3
You puncture the hobgoblin!
You kill the hobgoblin!
Vehumet accepts your kill. You block Edmund's attack.
GONNNNG!
You hear an angry hiss.
An endoplasm comes into view.
You block Edmund's attack.
GONNNNG!
You hear a howl!
You hear an angry hiss.
You hear a shout!
You see here a hobgoblin corpse.
Edmund attacks as you move away!
Edmund hits you with a +3 flail of protection!
* * * LOW HITPOINT WARNING * * *
Found 13 gold pieces.
You block the endoplasm's attack.
GONNNNG!
You hear a shout!
You hear an angry hiss.
You hear a shout!
You hear an angry hiss.
You hear a howl!
You hear a shout!
Edmund attacks as you move away! You block Edmund's attack.
BONNNG!
You hear a shout!
The endoplasm freezes you.
You are frozen.
You resist.
* * * LOW HITPOINT WARNING * * *
There is a stone staircase leading up here.
You can't go down here!
The endoplasm freezes you.
You are frozen.
You resist.
* * * LOW HITPOINT WARNING * * *
Edmund hits you with a +3 flail of protection!
Ouch! That really hurt!
You die...

#.# #.# #.#
#######.#
#.####.###......>.
#.................
#.####.#.#†####..#
###.#.# .#
####)#.####..#
........@...$.#
..###..J@....##
#.#.###### #.#..
#.### #


You could see Edmund and an endoplasm.

Vanquished Creatures
  Jessica (D:2)
  Natasha (D:3)
  2 adders (D:3)
  A worm (D:3)
  2 dart slugs (D:1)
  A bat (D:1)
  7 endoplasms
  2 giant cockroaches (D:2)
  6 hobgoblins
  4 quokkas
  4 ball pythons
  3 frilled lizards
  5 goblins
  4 kobolds
  4 rats
47 creatures vanquished.

Vanquished Creatures (others)
  2 withered plants (D:3)
2 creatures vanquished.

Grand Total: 49 creatures vanquished

Notes
Turn   | Place    | Note
-------+----------+-------------------------------------------
     0 | D:1      | xian the Mummy Earth Elementalist began the quest for the
                  | Orb.
     0 | D:1      | Reached XP level 1. HP: 13/13 MP: 4/4
    55 | D:1      | Reached skill level 1 in Transmutations
   241 | D:1      | Got the Incunabulum of Bewitchment
   269 | D:1      | Reached XP level 2. HP: 4/19 MP: 2/5
   714 | D:1      | Reached skill level 3 in Spellcasting
  1027 | D:1      | Found a faded altar of an unknown god.
  1166 | D:2      | Gained mutation: You are in touch with the powers of death.
                  | [Mummy growth]
  1166 | D:2      | Reached XP level 3. HP: 24/24 MP: 6/8
  1482 | D:2      | Found the +18 shield of the Gong {rElec rN+ Will+ EV-5}
  1532 | D:2      | Noticed Jessica
  1559 | D:2      | Killed Jessica
  1560 | D:2      | Reached skill level 4 in Spellcasting
  1564 | D:2      | Reached XP level 4. HP: 30/30 MP: 1/10
  1575 | D:2      | Found a radiant altar of Vehumet.
  1585 | D:2      | Became a worshipper of Vehumet
  1883 | D:3      | Found an opulent altar of Gozag.
  1903 | D:3      | Noticed Natasha
  1904 | D:3      | Killed Natasha
  1928 | D:3      | Found a radiant altar of Vehumet.
  1966 | D:3      | Found an ancient bone altar of Kikubaaqudgha.
  2056 | D:3      | You are sucked into a shaft and drop 1 floor!
  2077 | D:4      | Noticed Edmund
  2096 | D:4      | Mangled by Edmund

Illustrated notes

Levels and vault maps discovered:
D:1:      shiori_arrival_elements, layout_loops_ring,
          hellmonk_ecumenical_altar_inner_sanctum
D:2:      layout_basic, basic_altar, uniq_jessica
D:3:      layout_basic, kiku_gazebo_garden_becter, mainiacjoe_overflow_24_doors,
          vehumet_altar_wand_db, minmay_misc_feat_columns, wad_woods_river_04,
          minivault_26, uniq_natasha
D:4:      layout_loops_ring, uniq_ijyb, uniq_edmund

Skill      XL: |  1  2  3  4 |
---------------+-------------+-----
Transmutations | 1 |  1.0
Spellcasting   | 3 4 |  4.4
Earth Magic    | 3 |  3.1
Dodging        | 2 |  2.0
Fighting       | |  0.3
Short Blades   | |  0.7
Stealth        | |  1.8
Shields        | |  0.3

Action                   |  1- 3 |  4- 6 || total
-------------------------+-------+-------++-------
Melee: Short sword       |    24 |    45 ||    69
 Cast: Sandblast         |    45 |     9 ||    54
  Use: Scroll            |     1 |     2 ||     3
Armor: Robe              |     4 |     1 ||     5
Dodge: Dodged            |    12 |     2 ||    14
Block: Kite shield       |    15 |    58 ||    73

Table legend: (Time is in decaauts)
 A = Elapsed time spent in this place.
 B = Non-inter-level travel time spent in this place.
 C = Inter-level travel time spent in this place.
 D = Time resting spent in this place.
 E = Time spent auto-exploring this place.
 F = Levels seen in this place.
 G = Mean time per level.
                   A        B        C        D        E       F      G
               +--------+--------+--------+--------+--------+-----+--------+
         Total |   2106 |   2033 |     73 |    418 |    818 |   4 |  526.5 |
       Dungeon |   2106 |   2033 |     73 |    418 |    818 |   4 |  526.5 |
               +--------+--------+--------+--------+--------+-----+--------+

Top non-repeatable levels by time:
     D:1: 1159 daAuts
     D:2: 670 daAuts
     D:3: 233 daAuts
     D:4: 42 daAuts
